 Dungeon Crawl Stone Soup version 0.28-a0-643-g84cb2ea78e (webtiles) character file.

Game seed: 18187304469134930931

4 ytrimaz the Chopper (level 1, 0/20 HPs)
             Began as a Hill Orc Monk on Oct 11, 2021.
             Slain by a gnoll (8 damage)
             ... on level 1 of the Dungeon.
             The game lasted 00:00:19 (53 turns).

ytrimaz the Chopper (Hill Orc Monk)                   Turns: 53, Time: 00:00:19

Health: 0/20       AC:  2    Str: 13    XL:     1   Next: 60%
Magic:  1/1        EV: 12    Int: 10    God:
Gold:   3          SH:  0    Dex: 13    Spells: 0/0 levels left

rFire   . . .      SeeInvis .   a - +0 hand axe
rCold   . . .      Faith    .   (no shield)
rNeg    . . .      Spirit   .   b - +0 robe
rPois   .          Reflect  .   (no helmet)
rElec   .          Harm     .   (no cloak)
rCorr   .          Rampage  .   (no gloves)
Will    .....                   (no boots)
Stlth   ++........              (no amulet)
HPRegen 0.06/turn               (no ring)
MPRegen 0.07/turn               (no ring)

@: no status effects
A: no striking features
a: no special abilities


You were on level 1 of the Dungeon.
You visited 1 branch of the dungeon, and saw 1 of its levels.

You collected 3 gold pieces.

Inventory:

Hand Weapons
 a - a +0 hand axe (weapon)
Armour
 b - a +0 robe (worn)


   Skills:
 * Level 3.8 Fighting
 + Level 4.1 Axes
 * Level 0.2 Armour
 - Level 2.4 Dodging
 - Level 1.5 Stealth


You couldn't memorise any spells.
You didn't know any spells.
Your spell library was empty.

Dungeon Overview and Level Annotations

Branches:
Dungeon (1/15)

Altars:


Message History

The dart slug launches a dart at you. The slug dart misses you.
The kobold throws a stone.
The stone hits you but does no damage.
A bat and a gnoll come into view.
The frilled lizard hisses angrily.
A rat comes into view.
The bat hits you. x2; The quokka completely misses you.
You closely miss the frilled lizard.
The endoplasm quivers.
You hit the bat. You closely miss the quokka.
The bat hits you but does no damage.
A dart slug comes into view.
The quokka bites you. The frilled lizard bites you.
The jackal barks!
The bat barely misses you. The frilled lizard barely misses you.
The quokka bites you. The dart slug launches a dart at you.
The slug dart misses you.
The slug dart hits the frilled lizard.
The frilled lizard dies!
You barely miss the bat.
The bat is moderately wounded.
You hit the endoplasm. You closely miss the kobold.
You miss the frilled lizard. You hit the quokka. The bat misses you.
The quokka bites you. The frilled lizard bites you.
The endoplasm closely misses you. The kobold completely misses you.
The dart slug launches a dart at you. The slug dart misses you.
The slug dart hits the endoplasm.
The endoplasm dies!
The gnoll closely misses you. The bat barely misses you. The rat bites you.
The kobold closely misses you. The quokka barely misses you.
Unknown command.
You hit the gnoll.
The gnoll is lightly wounded.
You hit the rat.
You kill the rat!
You closely miss the quokka. You hit the frilled lizard.
You kill the frilled lizard!
You closely miss the kobold. You hit the bat. The bat barely misses you.
The gnoll hits you with a +0 whip!
You die...

#......#.# ..#
######...#### ##..#
#.......# ##...####
#...#####†###..#....##
....## #......#w....#
...# ##.....h.......
... #.............. ..
#.....†r†......
#.....K@gb...w.
#..............
#$.............
#...............
...#.............
#####>....#.....#
#######.##### .#


You could see a gnoll, 2 dart slugs, a quokka, a jackal, a bat and a kobold.

Vanquished Creatures
  A dart slug (D:1)
  2 frilled lizards (D:1)
  A rat (D:1)
4 creatures vanquished.

Vanquished Creatures (others)
  An endoplasm (D:1)
  A frilled lizard (D:1)
2 creatures vanquished.

Grand Total: 6 creatures vanquished

Notes
Turn   | Place    | Note
-------+----------+-------------------------------------------
     0 | D:1      | ytrimaz the Hill Orc Monk began the quest for the Orb.
     0 | D:1      | Reached XP level 1. HP: 19/19 MP: 1/1
    53 | D:1      | Slain by a gnoll

Illustrated notes

Levels and vault maps discovered:
D:1:      ebering_trefoil_twist, layout_rooms, shapermc_ecumenical_altar_venn

Action                   || total
-------------------------++-------
Melee: Hand axe          ||     6
Armor: Robe              ||     2
Dodge: Dodged            ||    16

Table legend: (Time is in decaauts)
 A = Elapsed time spent in this place.
 B = Non-inter-level travel time spent in this place.
 C = Inter-level travel time spent in this place.
 D = Time resting spent in this place.
 E = Time spent auto-exploring this place.
 F = Levels seen in this place.
 G = Mean time per level.
                   A        B        C        D        E       F      G
               +--------+--------+--------+--------+--------+-----+--------+
         Total |     53 |     53 |      0 |      0 |     34 |   1 |   53.0 |
       Dungeon |     53 |     53 |      0 |      0 |     34 |   1 |   53.0 |
               +--------+--------+--------+--------+--------+-----+--------+

Top non-repeatable levels by time:
     D:1: 53 daAuts
